 Dungeon Crawl Stone Soup version 0.31.0-32-g396128a36d (webtiles) character file.

Game seed: 2661637771377819196

705887 monsoonserge the Heavyweight Champion (level 27, -6/267 HPs)
             Began as a Troll Fighter on Mar 31, 2024.
             Was the Champion of Wu Jian.
             Killed from afar by a cacodemon (58 damage)
             ... with a bolt of devastation
             ... in Pandemonium on Apr 1, 2024.
             The game lasted 06:55:02 (71225 turns).

monsoonserge the Heavyweight Champion (TrFi)       Turns: 71225, Time: 06:55:02

Health: -6/267     AC:  9    Str: 38 (39) XL:     27
Magic:  21/32      EV: 22    Int: 14      God:    Wu Jian [******]
Gold:   6507       SH: 29    Dex: 18      Spells: 22/40 levels left

rFire   + +          .
                       - Unarmed
rCold   + . .        b - +0 tower shield
rNeg    + + .        B - +1 robe "Forget-Me-Not" {rN++ Str+4 Slay-4}
rPois   +            K - +2 hat {Will+}
rElec   +            v - +1 cloak of Starlight {*Dazzle EV+4 Stlth--}
rCorr   +            (gloves unavailable)
SInv    .            (boots unavailable)
Will    +....        z - amulet "Hyinenir" {Reflect ^Drain rElec Int+3 SH+5} Stlth
                     I - ring of the Heavens {rCorr Str+3 Int+3 Dex+3}
HPRegen 1.44/turn    J - ring "Niyvaig" {Fly rPois rF+ rC+}
MPRegen 0.23/turn

%: reflection
@: mighty, weak-willed, fragile (+50% incoming damage), flying, hasted, studying
2 skills, very quick
A: large, unfitting armour, claws 3, regeneration 1, shaggy fur 1, tough skin 1,
deterioration 1, fire resistance 1, frail 1, mutation resistance 1, no potion
heal 1, inability to read after injury 1
}: 5/15 runes: decaying, slimy, silver, abyssal, gossamer
a: Renounce Religion, Wall Jump, Serpent's Lash, Heavenly Storm


You were in Pandemonium.
You worshipped Wu Jian.
Wu Jian was exalted by your worship.
You visited 14 branches of the dungeon, and saw 58 of its levels.
You visited Pandemonium 1 time, and saw 2 of its levels.
You visited the Abyss 3 times.
You visited 1 ziggurat, and saw 8 of its levels.
You also visited: Trove, Ossuary, Bailey and Gauntlet.

You collected 11134 gold pieces.
You spent 4627 gold pieces at shops.

Inventory:

Missiles
 j - 17 datura-tipped darts
 q - 32 atropa-tipped darts
 s - 17 javelins (quivered)
 Q - 19 curare-tipped darts
 V - 90 large rocks
 W - 6 darts of dispersal
 X - 3 silver javelins
Armour
 b - a +0 tower shield (worn)
 v - the +1 cloak of Starlight (worn) {*Dazzle EV+4 Stlth--}
   (You bought it in a shop on level 2 of the Orcish Mines)

   *Dazzle:   It may blind those who miss an attack against the wearer in melee
   combat.
   EV+4:      It affects your evasion (+4).
   Stlth--:   It makes you much less stealthy.
 B - the +1 robe "Forget-Me-Not" (worn) {rN++ Str+4 Slay-4}
   (You bought it in a shop on level 5 of the Dungeon)

   Str+4:     It affects your strength (+4).
   Slay-4:    It affects your accuracy & damage with ranged weapons and melee
   (-4).
   rN++:      It greatly protects you from negative energy.
 K - a +2 hat of willpower (worn)
Jewellery
 z - the amulet "Hyinenir" (around neck) {Reflect ^Drain rElec Int+3 SH+5}
   (You bought it in a shop on level 2 of the Depths)

   [amulet of reflection]

   Reflect:   It reflects blocked missile attacks.
   Int+3:     It affects your intelligence (+3).
   rElec:     It insulates you from electricity.
   ^Drain:    It drains your maximum health when unequipped.
   SH+5:      It affects your SH (+5).
 I - the ring of the Heavens (left claw) {rCorr Str+3 Int+3 Dex+3}
   (You found it on level 2 of the Depths)

   [ring of resist corrosion]

   Str+3:     It affects your strength (+3).
   Int+3:     It affects your intelligence (+3).
   Dex+3:     It affects your dexterity (+3).
   rCorr:     It protects you from acid and corrosion.
 J - the ring "Niyvaig" (right claw) {Fly rPois rF+ rC+}
   (You bought it in a shop on level 2 of the Vaults)

   [ring of protection from fire]

   rF+:       It protects you from fire.
   rC+:       It protects you from cold.
   rPois:     It protects you from poison Fly: It grants you flight.
Talismans
 f - a dragon-blood talisman
 p - a granite talisman
Wands
 D - a wand of roots (65)
 N - a wand of paralysis (104)
 R - a wand of digging (20)
 S - a wand of light (35)
 Y - a wand of polymorph (52)
Scrolls
 l - 7 scrolls of revelation
 m - 12 scrolls of teleportation
 r - 4 scrolls of blinking
 C - 5 scrolls of fear
 E - 4 scrolls of silence
 H - 6 scrolls of poison
 L - 9 scrolls of fog
 M - 11 scrolls of immolation
 U - 3 scrolls of butterflies
Potions
 c - 6 potions of might
 d - 2 potions of lignification
 e - a potion of ambrosia
 g - 12 potions of curing
 i - 6 potions of haste
 k - 11 potions of magic
 o - 4 potions of berserk rage
 w - 9 potions of cancellation
 x - a potion of attraction
 A - 3 potions of invisibility
 F - 13 potions of resistance
 O - 10 potions of heal wounds
 Z - 2 potions of mutation
Miscellaneous
 a - a condenser vane
 h - a phantom mirror
 n - the horn of Geryon
 t - a lightning rod (1/4)
 u - a box of beasts
 G - a phial of floods


   Skills:
 - Level 21.5 Fighting
 - Level 7.7 Throwing
 - Level 14.1 Dodging
 - Level 2.0 Stealth
 - Level 22.6 Shields
 O Level 27 Unarmed Combat
 - Level 7.0 Spellcasting
 - Level 14.0 Translocations
 - Level 4.4 Air Magic
 - Level 8.5 Evocations
 + Level 5.9 Shapeshifting


You had 22 spell levels left.
You knew the following spells:

 Your Spells              Type           Power      Damage    Failure   Level
a - Lesser Beckoning      Tloc           88%        N/A       1%          2
b - Vhi's Electric Charg  Tloc/Air       60%        N/A       4%          4
c - Manifold Assault      Tloc           44%        N/A       1%          4
d - Dispersal             Tloc           22%        N/A       9%          6
e - Blink                 Tloc           88%        N/A       1%          2

Your spell library contained the following spells:

 Spells                   Type           Power      Damage    Failure   Level
 Apportation              Tloc           88%        N/A       1%          1
 Momentum Strike          Conj/Tloc      48%        3d9       1%          2
 Gell's Gravitas          Tloc           44%        N/A       1%          3
 Teleport Other           Tloc           44%        N/A       1%          3
 Passage of Golubria      Tloc           44%        N/A       1%          4
 Volatile Blastmotes      Fire/Tloc      48%        2d14      3%          3
 Dimensional Bullseye     Hex/Tloc       12%        N/A       10%         4
 Iskenderun's Mystic Bla  Conj/Tloc      24%        2d7       10%         4
 Static Discharge         Conj/Air       22%        3-4/arc   11%         2
 Cigotuvi's Dreadful Rot  Necr/Alch/Air  18%        N/A       14%         2
 Foxfire                  Conj/Fire      16%        2x1d4     17%         1
 Freeze                   Ice            16%        1d4       17%         1
 Magic Dart               Conj           16%        1d3       17%         1
 Necrotise                Necr           16%        1d4       17%         1
 Sting                    Conj/Alch      16%        1d4       17%         1
 Summon Small Mammal      Summ           16%        N/A       17%         1
 Call Imp                 Summ           8%         N/A       26%         2
 Searing Ray              Conj           8%         2d4       26%         2
 Sublimation of Blood     Necr           4%         N/A       26%         2
 Summon Forest            Summ/Tloc      12%        N/A       26%         5
 Airstrike                Air            8%         2d(2-18)  28%         4
 Dazzling Flash           Conj/Hex       8%         N/A       45%         3
 Frozen Ramparts          Ice            8%         1d2       45%         3
 Fugue of the Fallen      Necr           4%         N/A       45%         3
 Hailstorm                Conj/Ice       4%         3d5       45%         3
 Inner Flame              Hex/Fire       4%         N/A       45%         3
 Ozocubu's Armour         Ice            4%         N/A       45%         3
 Stone Arrow              Conj/Erth      8%         3d7       45%         3
 Tukima's Dance           Hex            4%         N/A       45%         3
 Vampiric Draining        Necr           4%         2d6       45%         3
 Summon Lightning Spire   Summ/Air       11%        N/A       56%         4
 Animate Armour           Summ/Erth      8%         N/A       86%         4
 Animate Dead             Necr           4%         N/A       86%         4
 Brom's Barrelling Bould  Conj/Erth      4%         2d3       86%         4
 Dispel Undead            Necr           4%         3d7       86%         4
 Flame Wave               Conj/Fire      4%         2d5       86%         4
 Fulminant Prism          Conj/Alch      2%         3d5       86%         4
 Ignite Poison            Fire/Alch      4%         N/A       86%         4
 Leda's Liquefaction      Alch/Erth      2%         N/A       86%         4
 Martyr's Knell           Necr/Summ      4%         N/A       86%         4
 Petrify                  Alch/Erth      4%         N/A       86%         4
 Sticky Flame             Fire/Alch      4%         2d4       86%         4
 Summon Blazeheart Golem  Fire/Summ      4%         N/A       86%         4
 Silence                  Hex/Air        5%         N/A       89%         5
 Freezing Cloud           Conj/Ice/Air   4%         6-21      95%         5
 Disjunction              Tloc           22%        N/A       98%         8
 Fireball                 Conj/Fire      2%         3d4       99%         5
 Irradiate                Conj/Alch      2%         3d12      99%         5
 Iskenderun's Battlesphe  Conj           4%         2d6       99%         5
 Lee's Rapid Deconstruct  Erth           2%         3d4*      99%         5
 Metabolic Englaciation   Hex/Ice        2%         N/A       99%         5
 Summon Mana Viper        Hex/Summ       4%         N/A       99%         5
 Yara's Violent Unravell  Hex/Alch       2%         3d3       99%         5
 Bombard                  Conj/Erth      2%         9d1       100%        6
 Conjure Ball Lightning   Conj/Air       5%         3x3d6     100%        6
 Death Channel            Necr           2%         N/A       100%        6
 Eringya's Noxious Bog    Alch           2%         4d6       100%        6
 Plasma Beam              Fire/Air       5%         2x1d16    100%        6
 Starburst                Conj/Fire      2%         6d3       100%        6
 Summon Cactus Giant      Summ           2%         N/A       100%        6
 Haunt                    Necr/Summ      2%         N/A       100%        7
 Malign Gateway           Summ/Tloc      12%        N/A       100%        7
 Orb of Destruction       Conj           2%         9d5       100%        7
 Spellforged Servitor     Conj/Summ      2%         N/A       100%        7
 Summon Hydra             Summ           2%         N/A       100%        7
 Borgnjor's Revivificati  Necr           2%         N/A       100%        8
 Discord                  Hex            2%         N/A       100%        8
 Ignition                 Fire           2%         3d3       100%        8
 Lehudib's Crystal Spear  Conj/Erth      2%         10d2      100%        8
 Maxwell's Capacitive Co  Air            8%         ∞         100%        8
 Chain Lightning          Conj/Air       5%         3d7       100%        9
 Death's Door             Necr           2%         N/A       100%        9
 Fire Storm               Conj/Fire      2%         8d1       100%        9
 Shatter                  Erth           2%         3d6*      100%        9


Dungeon Overview and Level Annotations

Branches:
Dungeon (15/15)            Temple (1/1) D:6            Lair (5/5) D:9
  Swamp (4/4) Lair:3       Spider (4/4) Lair:3        Slime (5/5) Lair:5
    Orc (2/2) D:10            Elf (3/3) Orc:2        Vaults (5/5) D:13
  Crypt (3/3) Vaults:3       Tomb (1/3) Crypt:3      Depths (4/4) D:15
   Hell (visited)             Dis (0/7) Hell            Geh (0/7) Hell
    Coc (0/7) Hell            Tar (0/7) Hell            Zot (5/5) Depths:4
Ossuary (visited)          Bailey (visited)         Gauntlet (visited)

Altars:
Ashenzari
Cheibriados
Dithmenos
Elyvilon
Fedhas
Gozag
Hepliaklqana
Kikubaaqudgha
Makhleb
Nemelex Xobeh
Okawaru
Qazlal
Ru
Sif Muna
Trog
Uskayaw
Vehumet
Wu Jian
Xom
Yredelemnul
Zin
The Shining One

Shops:
D:5 [   D:7 (   D:8 ([(*   D:15 *   Orc:2 ([*:   Elf:1 [[:*(   Vaults:2 (*=*(
Vaults:3 ?   Vaults:4 [   Depths:2 ?=:=   Depths:3 ?

Portals:
Hell: Depths:1 Depths:2 Depths:3 Depths:4
Abyss: Depths:1 Depths:3
Pandemonium: Depths:2 Depths:3

Annotations:
Pan Mnoleg


Innate Abilities, Weirdness & Mutations

You are too large for most types of armour.
You have claws for hands.
Your natural rate of healing is unusually fast.
You are covered in fur. (AC +1)
You have tough skin. (AC +1)
Your body sometimes deteriorates upon taking damage.
Your flesh is heat resistant. (rF+)
You are frail. (-10% HP)
You are somewhat resistant to further mutation.
Potions are less effective at restoring your health.
You occasionally lose the ability to read scrolls when taking damage.


Message History

You feel strangely unstable.
Found 18 gold pieces and a potion of mutation.
A cacodemon comes into view.
Your surroundings suddenly seem different.
A chaos spawn comes into view.
The chaos spawn gurgles horribly!
You feel ready to blink again.
You lunge at the chaos spawn.
You barely miss the chaos spawn. You block the chaos spawn's attack.
You eviscerate the chaos spawn!!!
You kill the chaos spawn!
The Council accepts your kill.
The chaos spawn degenerates into a cloud of primal chaos!
You hear a shout!
You hear a grinding noise.
A cacodemon comes into view.
You eviscerate the radroach!!!
The radroach is heavily wounded.
A sixfirhy comes into view.
You mangle the radroach!!
You kill the radroach!
The Council accepts your kill. You block the sixfirhy's attack.
You closely miss the sixfirhy. You eviscerate the sixfirhy!!!
You kill the sixfirhy!
The Council accepts your kill. The cacodemon gestures at you.
The bolt of devastation hits you!!!
Your willpower is stripped away!
* * * LOW HITPOINT WARNING * * *
Your body deteriorates!
You feel weakened.
Your system partially rejects the healing.
You feel much better.
Your system partially rejects the healing.
You feel much better.
Your system partially rejects the healing.
You feel much better. The cacodemon gestures at you.
The bolt of devastation hits you!!!
You die...

***** ************* #...#
#............ #...#
#............ #...#
#............ #...#
#............ #...#
#............ #...#
#............
#########...###............
#.........@..2.............
#...........###............
#.########.................
*,* #.........######## *,*
#...⌠.....# *,* #.........#
*,* #.....#...########
*,**######..####...........
*,,,........# #.∩.........


You could see a cacodemon.

Vanquished Creatures
  the Royal Jelly (Slime:5)
  Frederick (Crypt:2)
  An ancient lich (Crypt:3)
  An orb of fire (Zot:2)
  Khufu (Crypt:2)
  Mennas (Vaults:3)
  A juggernaut (Depths:2)
  Xtahua (Vaults:3)
  2 royal mummies
  Boris (Crypt:3)
  A Killer Klown (Zig:4)
  Vv (Crypt:1)
  Saint Roka (Crypt:2)
  Bai Suzhen (Vaults:4)
  Margery (Vaults:3)
  Geryon (Hell)
  4 curse toes
  Nikola (Depths:2)
  Norris (Vaults:3)
  6 golden dragons
  Jory (Vaults:5)
  2 bone dragons (Abyss:3)
  A hellephant (Vaults:3)
  A pandemonium lord (Zig:4)
  Rupert (Lair:4)
  25 tentacled monstrosities
  5 Ice Fiends (Pan)
  6 liches
  A deep elf blademaster (Elf:3)
  A walking divine tome (Depths:3)
  7 titans
  A walking frostbound tome (Depths:4)
  5 death cobs
  6 sphinxes
  6 tentacled starspawn
  20 acid blobs
  4 quicksilver dragons
  2 thorn hunters
  11 storm dragons
  4 shadow dragons
  6 tengu reavers
  Kirke (Lair:4)
  14 rockslimes
  4 draconian monks
  11 protean progenitors
  18 azure jellies
  A revenant (Hell)
  11 fire giants
  Donald (Spider:2)
  2 frost giants
  A fenstrider witch (Swamp:2)
  2 daevas (Abyss:3)
  3 emperor scorpions
  3 draconian knights
  2 iron dragons
  6 draconian scorchers
  3 deep elf elementalists
  8 ghouls
  2 draconian shifters
  15 vault wardens
  A caustic shrike zombie (Crypt:2)
  A draconian stormcaller (Zot:3)
  9 deep elf sorcerers
  5 ghost moths
  2 juggernaut zombies
  4 curse skulls
  6 balrugs
  8 reapers
  3 orc warlords
  2 angels (Abyss:3)
  16 quicksilver oozes
  8 cacodemons
  19 stone giants
  4 draconian annihilators
  17 ironbound preservers
  A caustic shrike skeleton (Crypt:3)
  2 spriggan defenders (Depths:2)
  7 formless jellyfish
  8 broodmothers
  A demonspawn black sun (Zig:5)
  A demonspawn corrupter (Pan)
  A juggernaut skeleton (Hell)
  9 ironbound thunderhulks
  6 green draconians
  Nessos (Lair:5)
  27 very ugly things
  5 deep elf demonologists
  6 vampire knights
  10 eleionomae
  11 deep elf death magi
  17 dire elephants
  8 black draconians
  7 white draconians
  10 deep elf annihilators
  7 yellow draconians
  9 red draconians
  7 purple draconians
  3 war gargoyles
  4 bunyips
  2 lorocyprocas
  8 spark wasps
  11 eidola
  23 ettins
  A minotaur (Gauntlet)
  Snorg (Orc:1)
  A green death (Depths:2)
  3 merfolk javelineers
  10 jiangshi
  12 blizzard demons
  3 iron golems (Hell)
  10 fire dragons
  3 crystal guardians
  16 yaktaur captains
  2 shambling mangroves
  4 deep elf high priests
  Josephine (Lair:4)
  6 entropy weavers
  11 great orbs of eyes
  5 spriggan zombies
  3 rakshasas
  11 ice dragons
  38 vault guards
  A kraken zombie (Hell)
  Fannar (D:11)
  2 fenstrider witch zombies
  A quicksilver dragon skeleton (Crypt:3)
  A sphinx zombie (Vaults:3)
  2 peacekeepers (Vaults:4)
  A hell beast (Hell)
  7 hydras
  A fenstrider witch skeleton (Crypt:3)
  2 ghost crabs
  3 ogre magi
  3 catoblepae
  5 spriggan air magi
  7 radroaches
  5 alligators
  6 ironbound frosthearts
  2 satyrs (Zot:3)
  4 spriggan skeletons
  7 boulder beetles
  27 dancing weapons
  15 centaur warriors
  3 jorogumos
  2 death knights
  6 hell hogs
  2 sphinx skeletons
  7 two-headed ogres
  8 deep troll shamans
  7 tengu warriors
  13 demonic crawlers
  4 vampire magi
  13 deep troll earth magi
  16 death yaks
  16 hell knights
  5 thrashing horrors
  8 orc high priests
  3 holy swine (Abyss:3)
  2 shock serpents (Pan)
  An occultist (Abyss:3)
  6 spriggan berserkers
  25 sun demons
  Sonja (Lair:5)
  13 soul eaters
  12 iron trolls
  14 deep elf knights
  3 sixfirhies
  2 shadow wraiths
  5 skysharks
  4 wretched stars
  A titan skeleton (Crypt:3)
  10 pharaoh ants
  A death drake (shapeshifter) (Depths:3)
  A bunyip zombie (Crypt:3)
  11 skeletal warriors
  3 spriggan druids
  Lodul (D:11)
  4 goliath frogs
  A golden dragon zombie (Depths:1)
  A mana viper (shapeshifter) (Vaults:4)
  A sea snake (shapeshifter) (Vaults:5)
  3 swamp dragons
  5 flayed ghosts
  A kraken simulacrum (Hell)
  A deep troll (shapeshifter) (Vaults:5)
  14 orb spiders
  2 anaconda zombies
  42 deep trolls
  3 sun moths
  4 glowing orange brains
  2 orange crystal statues (Hell)
  A golden dragon skeleton (Crypt:3)
  9 shadow demons (Pan)
  6 arcanists
  A tengu zombie (Depths:3)
  8 deep elf archers
  3 harpies (Vaults:5)
  7 bog bodies
  29 ironbound convokers
  21 deep elf zephyrmancers
  12 lindwurms
  22 phantasmal warriors
  28 wolf spiders
  A harpy (shapeshifter) (D:14)
  31 deep elf pyromancers
  23 necromancers
  An anaconda skeleton (Hell)
  11 steelbarb worms
  2 fauns (shapeshifter)
  14 orc knights
  An eleionoma zombie (Crypt:2)
  Maurice (D:11)
  8 orc sorcerers
  10 shining eyes
  3 cyclopes
  A shining eye (shapeshifter) (Vaults:5)
  34 ugly things
  A stone giant zombie (Vaults:4)
  An iron dragon skeleton (Crypt:3)
  2 worldbinders
  9 elephants
  2 shadow dragon skeletons
  26 moths of wrath
  7 will-o-the-wisps
  A meliai (D:15)
  4 Executioner simulacra (Pan)
  2 fire giant skeletons
  An alligator skeleton (Hell)
  3 ice statues
  17 smoke demons
  5 black mambas
  A torpor snail (shapeshifter) (Vaults:4)
  2 frost giant skeletons
  6 apocalypse crabs
  4 molten gargoyles (Hell)
  2 water nymphs (Zot:2)
  20 vault sentinels
  3 dire elephant zombies (Crypt:3)
  3 eyes of devastation
  8 orange demons
  A naga skeleton (Crypt:3)
  9 torpor snails
  14 cane toads
  14 large abominations
  3 gargoyles
  An orb spider zombie (Crypt:1)
  A cane toad (shapeshifter) (Vaults:5)
  3 kobold demonologists
  An unseen horror (Abyss:1)
  A hellion (Hell)
  6 rime drakes
  10 komodo dragons
  51 yaktaurs
  A shock serpent skeleton (Crypt:1)
  3 efreet
  A komodo dragon (shapeshifter) (Depths:2)
  A steelbarb worm zombie (Crypt:2)
  2 tengu conjurers (D:15)
  6 ice devils (Pan)
  5 ancient zymes
  3 sea snake zombies (Hell)
  A dire elephant skeleton (Crypt:2)
  A great orb of eyes zombie (Crypt:2)
  4 tormentors
  10 freezing wraiths
  A yellow draconian skeleton (Crypt:1)
  A guardian mummy (Crypt:3)
  A pale draconian skeleton (Crypt:1)
  A red devil (Abyss:3)
  A queen bee (D:6)
  A merfolk (shapeshifter) (Zig:4)
  17 hellwings
  A hydra zombie (Hell)
  A bloated husk (Swamp:2)
  5 trolls
  2 harpy zombies (Crypt:3)
  3 polar bears (Lair:5)
  A hydra skeleton (Hell)
  17 tyrant leeches
  An ettin zombie (Crypt:2)
  An alligator simulacrum (Hell)
  15 raiju
  6 dream sheep (Lair:5)
  18 hornets
  A polar bear (shapeshifter) (D:14)
  10 glass eyes
  28 tarantellas
  10 blink frogs
  3 human simulacra
  123 slime creatures
  4 centaur simulacra
  An ice dragon skeleton (Crypt:2)
  3 air elementals
  37 jumping spiders
  A shadow (D:13)
  26 spriggans
  3 vampires
  A dire elephant simulacrum (Crypt:2)
  9 wyverns
  23 starcursed masses
  An ushabti (Crypt:3)
  18 ynoxinuls
  A black mamba zombie (Crypt:3)
  3 basilisks
  A fire elemental (Elf:2)
  55 yaks
  2 yaks (shapeshifter)
  25 culicivoras
  A black mamba skeleton (Hell)
  23 water elementals
  12 wraiths
  5 hogs
  8 wargs
  7 golden eyes
  18 humans (D:13)
  50 redbacks
  A fire bat (Abyss:3)
  A steam dragon (D:8)
  4 swamp worm simulacra (Swamp:4)
  11 chaos spawn
  7 neqoxecs
  19 vampire mosquitoes
  2 harpy simulacra
  17 swamp worms
  3 acid dragons
  17 hydra simulacra
  17 water moccasins
  A fire bat skeleton (Crypt:1)
  3 swamp drakes
  A deep troll skeleton (Crypt:3)
  An ice beast (shapeshifter) (Elf:3)
  3 sky beasts
  7 black bears
  12 laughing skulls
  60 orc warriors
  17 small abominations
  2 ice beasts (D:6)
  An ettin simulacrum (Vaults:3)
  A merfolk simulacrum (Hell)
  30 wolves
  9 boggarts
  The ghost of Tripartite the Sneak, an amateur MfDe (D:6)
  An ice dragon simulacrum (Gauntlet)
  19 ogres
  12 centaurs
  5 elf zombies (Ossuary)
  A weeping skull (Abyss:1)
  21 kobold brigands
  6 brain worms
  12 bullfrogs
  8 scorpions
  2 necrophages
  A yaktaur skeleton (Crypt:1)
  A vine stalker zombie (Crypt:2)
  A draconian skeleton (Crypt:2)
  5 wyvern skeletons (Crypt:3)
  An elf skeleton (Crypt:1)
  18 wights
  9 killer bees
  6 electric eels
  5 howler monkeys
  3 bombardier beetles
  2 crimson imps (Abyss:3)
  4 centaur zombies
  3 quasits
  22 orc priests
  A spectral scorpion (Ossuary)
  Crazy Yiuf (D:6)
  A bullfrog skeleton (Crypt:2)
  6 hounds
  4 human zombies
  4 iron imps
  6 iguanas
  27 orc wizards
  3 boggart simulacra (Gauntlet)
  6 mummies
  9 gnolls
  An adder (D:3)
  7 white imps
  4 swamp drake simulacra (Swamp:4)
  6 ufetubi (Abyss:3)
  A ribbon worm (D:2)
  4 dart slugs
  101 orcs
  4 ball pythons
  6 bats
  7 endoplasms
  2 giant cockroaches (Lair:3)
  13 hobgoblins
  4 jackals (D:1)
  3 quokkas
  4 frilled lizards
  13 goblins
  17 kobolds
  6 rats
  7 aspiring fleshes
  A fire vortex (Pan)
  3 starspawn tentacles
  2 tentacles (Hell)
3005 creatures vanquished.

Vanquished Creatures (others)
  A sphinx (Vaults:4)
  A yellow draconian (Zot:4)
  A death yak (Depths:2)
  A spriggan (Swamp:1)
  A goliath frog (Swamp:3)
  2 bloated husks
  A tyrant leech (Swamp:4)
  A hornet (Swamp:1)
  A slime creature (D:15)
  A redback (Spider:4)
  An orc wizard (Orc:2)
  A gnoll (Bailey)
  A white imp (Abyss:3)
  A rat (D:3)
  20 foxfires
  2 lurking horrors
  11 starspawn tentacles
  15 tentacles (Hell)
63 creatures vanquished.

Grand Total: 3068 creatures vanquished

Notes
Turn   | Place    | Note
-------+----------+-------------------------------------------
     0 | D:1      | monsoonserge the Troll Fighter began the quest for the Orb.
     0 | D:1      | Reached XP level 1. HP: 22/22 MP: 0/0
   114 | D:1      | Reached XP level 2. HP: 29/29 MP: 1/1
   800 | D:2      | Reached XP level 3. HP: 36/36 MP: 2/2
  1450 | D:3      | Reached skill level 3 in Unarmed Combat
  1471 | D:3      | Reached XP level 4. HP: 44/44 MP: 3/3
  1678 | D:3      | Found a stormy altar of Qazlal.
  1761 | D:3      | Reached XP level 5. HP: 53/53 MP: 4/4
  2236 | D:4      | Noticed an ogre
  2241 | D:4      | Killed an ogre
  2242 | D:4      | Reached skill level 4 in Unarmed Combat
  2313 | D:4      | Identified the +1 ring mail "Hiulunec" {rElec rPois}
  2642 | D:5      | Entered Level 5 of the Dungeon
  2692 | D:5      | Reached XP level 6. HP: 58/61 MP: 5/5
  2776 | D:5      | Found Eloeffinett's Antique Armour Shoppe.
  2779 | D:5      | Bought a polished robe for 159 gold pieces
  2779 | D:5      | Identified the +1 robe "Forget-Me-Not" {rN++ Str+4 Slay-4}
                  | (You bought it in a shop on level 5 of the Dungeon)
  2865 | D:5      | Found a sand-covered staircase.
  2912 | Ossuary  | Entered an ossuary
  2930 | Ossuary  | Reached skill level 5 in Unarmed Combat
  2938 | Ossuary  | Reached XP level 7. HP: 67/67 MP: 6/6
  3096 | Ossuary  | Reached skill level 6 in Unarmed Combat
  3118 | Ossuary  | Reached XP level 8. HP: 78/78 MP: 7/7
  3520 | D:6      | Noticed a hornet
  3520 | D:6      | Noticed a queen bee
  3528 | D:6      | Noticed Tripartite's ghost (amateur MfDe)
  3554 | D:6      | Found a transporter.
  3558 | D:6      | Found a transporter.
  3581 | D:6      | Reached skill level 5 in Shields
  3768 | D:6      | Reached skill level 7 in Unarmed Combat
  3947 | D:6      | Found a staircase to the Ecumenical Temple.
  3959 | Temple   | Entered the Ecumenical Temple
  3979 | Temple   | Became a worshipper of the Wu Jian Council
  4027 | D:6      | Identified the +1 chain mail of Proximity {rC+++ Str-5
                  | Int+2 Stlth+}
  4108 | D:6      | Reached skill level 5 in Fighting
  4108 | D:6      | Reached skill level 5 in Dodging
  4110 | D:6      | Reached XP level 9. HP: 79/88 MP: 8/8
  4113 | D:6      | Reached skill level 8 in Unarmed Combat
  4239 | D:6      | Found a runed translucent door.
  4240 | D:6      | Noticed Crazy Yiuf
  4247 | D:6      | Killed Crazy Yiuf
  4690 | D:7      | Reached * piety under Wu Jian
  4743 | D:7      | Found Tyasav's Antique Weapon Boutique.
  5109 | D:8      | Reached skill level 9 in Unarmed Combat
  5145 | D:8      | Found Orugyoll's Antique Armour Emporium.
  5147 | D:8      | Found Xymn's Assorted Antiques.
  5147 | D:8      | Found Nuobugua's Antique Weapon Shop.
  5148 | D:8      | Found Camuemom's Antique Weapon Shoppe.
  5166 | D:8      | Paralysed by a hornet for 1 turns
  5279 | D:8      | Bought a dark potion for 19 gold pieces
  5279 | D:8      | Bought a scroll labelled TYMUTE FECUUL for 22 gold pieces
  5368 | D:8      | Reached XP level 10. HP: 98/98 MP: 9/9
  5383 | D:8      | Reached ** piety under Wu Jian
  5534 | D:8      | Noticed a four-headed hydra
  5737 | D:9      | Noticed a death yak
  5738 | D:9      | Noticed a death yak
  5823 | D:9      | Found a staircase to the Lair.
  5858 | D:9      | Noticed a death yak
  5986 | D:9      | Reached skill level 10 in Unarmed Combat
  6149 | D:9      | Noticed a death yak
  6149 | D:9      | Noticed a death yak
  6175 | D:8      | Killed a death yak
  6210 | D:8      | Killed a death yak
  6211 | D:8      | Reached skill level 1 in Throwing
  6211 | D:8      | Reached skill level 1 in Evocations
  6668 | D:9      | Killed a death yak
  6673 | D:9      | Killed a death yak
  6674 | D:9      | Reached skill level 11 in Unarmed Combat
  6674 | D:9      | Reached XP level 11. HP: 29/107 MP: 10/10
  6952 | D:10     | Entered Level 10 of the Dungeon
  7030 | D:10     | Found a flagged portal.
  7047 | Bailey   | Entered a bailey
  7127 | Bailey   | Reached *** piety under Wu Jian
  7177 | Bailey   | Acquired 755 gold pieces
  7179 | Bailey   | Acquired 602 gold pieces
  7567 | Bailey   | Found an iron altar of Okawaru.
  7567 | Bailey   | Noticed an orc sorcerer
  7569 | Bailey   | Noticed a sixfirhy
  7575 | Bailey   | Killed an orc sorcerer
  7881 | D:8      | Bought a glowing hat for 224 gold pieces
  8232 | D:10     | Killed a death yak
  8329 | D:10     | Found a staircase to the Orcish Mines.
  8340 | D:10     | Reached skill level 12 in Unarmed Combat
  8355 | D:10     | Reached **** piety under Wu Jian
  8430 | D:10     | Found a bloodstained altar of Trog.
  8430 | D:10     | Found a snail-covered altar of Cheibriados.
  8430 | D:10     | Found a sacrificial altar of Ru.
  8430 | D:10     | Found a radiant altar of Vehumet.
  8438 | D:10     | Found a white marble altar of Elyvilon.
  8443 | D:10     | Found a shimmering blue altar of Sif Muna.
  8575 | D:11     | Noticed a two-headed ogre
  8872 | D:11     | Noticed a boulder beetle
  8872 | D:11     | Noticed Lodul
  8897 | D:10     | Reached XP level 12. HP: 100/119 MP: 11/11
  9010 | Lair:1   | Entered Level 1 of the Lair of Beasts
  9438 | Lair:1   | Reached skill level 13 in Unarmed Combat
  9528 | Lair:1   | Reached skill level 10 in Shields
 10211 | Lair:2   | Reached ***** piety under Wu Jian
 10222 | Lair:2   | Reached skill level 14 in Unarmed Combat
 10686 | Lair:3   | Found a staircase to the Swamp.
 10751 | Lair:3   | Found a hole to the Spider Nest.
 10760 | Lair:3   | Reached XP level 13. HP: 130/130 MP: 12/12
 11433 | Spider:1 | Entered Level 1 of the Spider Nest
 11504 | Lair:4   | Noticed Josephine
 11511 | Lair:4   | Killed Josephine
 11592 | Lair:4   | Noticed Rupert
 11602 | Lair:4   | Killed Rupert
 11678 | Lair:4   | Reached skill level 15 in Unarmed Combat
 11820 | Lair:5   | Entered Level 5 of the Lair of Beasts
 11905 | Lair:5   | Noticed Sonja
 11931 | Lair:5   | Found a staircase to the Slime Pits.
 11990 | Lair:5   | Reached XP level 14. HP: 125/141 MP: 13/13
 12006 | Lair:5   | Reached ****** piety under Wu Jian
 12134 | Lair:5   | Noticed Kirke
 12268 | Lair:5   | Reached skill level 10 in Fighting
 12324 | Lair:5   | Reached skill level 16 in Unarmed Combat
 12477 | Lair:5   | Got an earthy gem with 387 turns to spare
 13109 | Lair:4   | Killed Kirke
 13187 | Lair:5   | Killed Sonja
 13523 | Lair:5   | Noticed Nessos
 13530 | Lair:5   | Killed Nessos
 13951 | D:11     | Killed Lodul
 14123 | D:11     | Noticed Fannar
 14131 | D:11     | Killed Fannar
 14140 | D:11     | Noticed Maurice
 14170 | D:11     | Found a portal to a secret trove of treasure.
 14171 | D:11     | Killed Maurice
 14244 | D:12     | Identified the +0 buckler of Chimes {Regen+ Str+3 Dex+6
                  | SInv}
 14306 | D:12     | Reached skill level 17 in Unarmed Combat
 14731 | D:14     | Reached XP level 15. HP: 152/152 MP: 14/14
 14744 | D:15     | Entered Level 15 of the Dungeon
 14792 | D:15     | Found a staircase to the Depths.
 16003 | D:13     | Reached skill level 18 in Unarmed Combat
 16016 | D:13     | Found a gate to the Vaults.
 16959 | D:15     | Found Wull's Assorted Antiques.
 17416 | Orc:1    | Entered Level 1 of the Orcish Mines
 17535 | Orc:1    | Reached skill level 15 in Shields
 17753 | Orc:2    | Entered Level 2 of the Orcish Mines
 17830 | Orc:2    | Found a gate leading to a gauntlet.
 17833 | Orc:2    | Found a staircase to the Elven Halls.
 17856 | Gauntlet | Entered a Gauntlet
 17856 | Gauntlet | Found a transporter.
 17864 | Gauntlet | Found a transporter.
 17867 | Gauntlet | Found a transporter.
 17868 | Gauntlet | Found a transporter.
 17879 | Gauntlet | Found a transporter.
 17879 | Gauntlet | Found a transporter.
 17880 | Gauntlet | Found a transporter.
 17888 | Gauntlet | Found a transporter.
 17891 | Gauntlet | Found a transporter.
 17892 | Gauntlet | Found a transporter.
 17900 | Gauntlet | Found a transporter.
 17903 | Gauntlet | Found a transporter.
 17904 | Gauntlet | Found a transporter.
 17916 | Gauntlet | Found a transporter.
 17922 | Gauntlet | Found a runed translucent door.
 18173 | Gauntlet | Identified the +0 pair of gloves "Gujakkot" {Dex+3}
 18472 | Orc:1    | Noticed Snorg
 18482 | Orc:1    | Killed Snorg
 18483 | Orc:1    | Reached XP level 16. HP: 154/165 MP: 15/15
 18871 | Orc:1    | Reached skill level 19 in Unarmed Combat
 19154 | Orc:2    | Found Wahofuym's General Store.
 19154 | Orc:2    | Found Faipesm's Book Shoppe.
 19191 | Orc:2    | Found Kegite's Antique Armour Emporium.
 19191 | Orc:2    | Found Guulugal's Antique Weapon Emporium.
 19216 | Orc:2    | Bought the +1 cloak of Starlight {*Dazzle EV+4 Stlth--} for
                  | 854 gold pieces
 19216 | Orc:2    | Found the +1 cloak of Starlight {*Dazzle EV+4 Stlth--}
 19230 | Orc:2    | Bought runed fire dragon scales for 1764 gold pieces
 19565 | D:11     | You paid a toll of +3 fire dragon scales to enter a
                  | treasure trove
 19566 | Trove    | Entered a treasure trove
 19578 | Trove    | Identified the +9 war axe of Scorn {flame, Will- Int+3}
 19611 | Trove    | Identified the amulet "Loytz" {Acrobat Fly}
 19823 | D:6      | Killed Tripartite's ghost
 20003 | Swamp:1  | Entered Level 1 of the Swamp
 20119 | Swamp:1  | Noticed a thorn hunter
 20128 | Swamp:1  | Killed a thorn hunter
 20206 | Swamp:1  | Paralysed by a hornet for 3 turns
 20209 | Swamp:1  | HP: 7/165 [hornet[a shambling mangrove] (13)]
 20211 | Swamp:1  | HP: 3/165 [poisoned by a hornet]
 20216 | Swamp:1  | HP: 4/165 [poisoned by a hornet]
 21865 | Swamp:2  | Reached skill level 20 in Unarmed Combat
 22101 | Swamp:3  | Identified the +1 cloak of the Engineer {Regen+ rCorr Dex-2
                  | Stlth+}
 22482 | Swamp:3  | Identified the +0 ring mail of the Crypt {rC+}
 22871 | Spider:1 | Reached XP level 17. HP: 148/175 MP: 16/16
 23731 | Spider:2 | Noticed Donald
 23750 | Spider:2 | Killed Donald
 24421 | Spider:3 | Reached skill level 5 in Evocations
 24768 | Spider:3 | Reached skill level 21 in Unarmed Combat
 25416 | Swamp:4  | Entered Level 4 of the Swamp
 25726 | Swamp:4  | Reached XP level 18. HP: 187/187 MP: 17/17
 26447 | Swamp:4  | Got a decaying rune of Zot
 26655 | Spider:4 | Entered Level 4 of the Spider Nest
 27564 | Spider:3 | Reached skill level 22 in Unarmed Combat
 28644 | Spider:4 | Got a gossamer rune of Zot
 29297 | Vaults:1 | Entered Level 1 of the Vaults
 30405 | Vaults:1 | Reached skill level 23 in Unarmed Combat
 30861 | Vaults:2 | Reached XP level 19. HP: 162/198 MP: 18/18
 31095 | Vaults:2 | Found Zejuit's General Store.
 31194 | Vaults:2 | Found Rantalul's Antique Weapon Shoppe.
 31510 | Vaults:2 | Reached skill level 15 in Fighting
 31632 | Vaults:2 | Found Nothudy's Jewellery Emporium.
 31635 | Vaults:2 | Found Sufroel's General Store.
 31642 | Vaults:2 | Bought the ring "Niyvaig" {Fly rPois rF+ rC+} for 679 gold
                  | pieces
 31924 | Vaults:2 | Found Wuriq's Weapon Boutique.
 31934 | Vaults:2 | Bought 6 darts of dispersal for 86 gold pieces
 32235 | Vaults:3 | Noticed Norris
 32301 | Vaults:3 | Killed Norris
 32436 | Vaults:3 | Reached skill level 24 in Unarmed Combat
 32443 | Vaults:3 | Found Bufad's Magic Scroll Shop.
 32453 | Vaults:3 | Noticed Margery
 32453 | Vaults:3 | Noticed a hellephant
 32468 | Vaults:3 | Killed Margery
 32490 | Vaults:3 | Killed a hellephant
 32591 | Vaults:3 | Bought a scroll of blinking for 105 gold pieces
 32621 | Vaults:3 | You are sucked into a shaft and drop 1 floor!
 32738 | Vaults:4 | Noticed Xtahua
 32825 | Vaults:3 | Killed Xtahua
 33437 | Vaults:3 | Found a staircase to the Crypt.
 33437 | Vaults:3 | Found a basalt altar of Yredelemnul.
 33438 | Vaults:3 | Found an ancient bone altar of Kikubaaqudgha.
 33709 | Vaults:3 | Reached XP level 20. HP: 213/213 MP: 19/19
 33740 | Vaults:3 | Noticed Mennas
 33741 | Vaults:3 | Killed Mennas
 34347 | Vaults:4 | Reached skill level 25 in Unarmed Combat
 34372 | Vaults:4 | Reached skill level 5 in Throwing
 34939 | Vaults:4 | Found Mask's Antique Armour Shoppe.
 35696 | Vaults:5 | Entered Level 5 of the Vaults
 35778 | Crypt:1  | Entered Level 1 of the Crypt
 35930 | Crypt:1  | Noticed Vv
 36427 | Elf:1    | Entered Level 1 of the Elven Halls
 36720 | Elf:1    | Found Tyturghov's Weapon Shoppe.
 36851 | Elf:1    | Found Gampos Jipri's General Store.
 36960 | Elf:1    | Identified the +4 sling "Wioston" {elec, Str+2}
 37084 | Elf:1    | Found Viytemab's Book Shop.
 37094 | Elf:1    | Found Diopput's Armour Shoppe.
 37157 | Elf:1    | Found Guvei's Antique Armour Boutique.
 37514 | Elf:2    | Reached XP level 21. HP: 223/223 MP: 20/20
 37649 | Elf:2    | Reached skill level 26 in Unarmed Combat
 37751 | Elf:2    | Got Kikubaaqudgha's Precepts of Big Dreams And Success
 38029 | Elf:2    | Found a radiant altar of Vehumet.
 38126 | Elf:2    | Found a runed translucent gate.
 38127 | Elf:2    | Found a runed translucent gate.
 38127 | Elf:2    | Found a runed translucent gate.
 38223 | Elf:3    | Entered Level 3 of the Elven Halls
 38224 | Elf:3    | Paralysed by an air elemental for 1 turns
 38493 | Elf:3    | Paralysed by an air elemental for 1 turns
 38495 | Elf:3    | Paralysed by an air elemental for 1 turns
 39123 | Elf:3    | Identified the +6 battleaxe of Caf Ceyss {venom, Stlth+}
 39123 | Elf:3    | Identified the ring of the Albatross {rPois Will+ rCorr
                  | Int+6}
 39410 | Elf:3    | Identified the amulet of the Solemn Banana {Fly Regen+
                  | Str+4}
 39538 | Elf:3    | Identified the +6 battleaxe "Jelal" {protect, ^Drain rElec
                  | Str+2 Int+5}
 39676 | Elf:3    | Identified the staff of Unpleasantness {rElec rN+ Int-4
                  | SInv Summ Air}
 39681 | Elf:3    | Got Kuusuepn's Exposition on Spatial Mud
 39687 | Elf:3    | Learned a level 4 spell: Vhi's Electric Charge
 39701 | Elf:3    | Learned a level 2 spell: Lesser Beckoning
 40022 | Elf:2    | Reached skill level 1 in Translocations
 40030 | Elf:2    | Reached skill level 1 in Air Magic
 40041 | Elf:2    | Identified the blade talisman of Impatience {Dex+3 Slay+3}
 40142 | Elf:2    | Reached skill level 1 in Spellcasting
 41014 | Crypt:1  | Killed Vv
 41821 | Crypt:2  | Noticed Saint Roka
 42040 | Crypt:2  | Noticed a royal mummy
 42128 | Crypt:2  | Reached XP level 22. HP: 207/232 MP: 24/24
 42380 | Crypt:2  | Noticed Khufu
 42394 | Crypt:1  | Killed a royal mummy
 42499 | Crypt:2  | Killed Khufu
 42770 | Crypt:2  | Killed Saint Roka
 42838 | Crypt:2  | Identified the orb of Naoh {*channel, ^Contam Harm rC-
                  | Str+8}
 42838 | Crypt:2  | Noticed Frederick
 42999 | Crypt:2  | Killed Frederick
 43177 | Crypt:3  | Entered Level 3 of the Crypt
 43303 | Crypt:3  | Noticed Boris
 43809 | Crypt:3  | Found a staircase to the Tomb.
 43809 | Crypt:3  | Noticed a royal mummy
 43824 | Crypt:3  | Killed a royal mummy
 44007 | Tomb:1   | Entered Level 1 of the Tomb of the Ancients
 44084 | Crypt:3  | Found an ancient bone altar of Kikubaaqudgha.
 44392 | Crypt:3  | Killed Boris
 44406 | Crypt:3  | Reached skill level 5 in Translocations
 44500 | Crypt:3  | Identified the +11 orcbow "Veocwal" {elec, rPois}
 44826 | Crypt:3  | Noticed an ancient lich
 44839 | Crypt:3  | Killed an ancient lich
 44852 | Crypt:3  | Identified the +6 falchion of Pain and Death {spect, rElec
                  | Int+2}
 44867 | Crypt:3  | Identified the +3 scale mail of Fyliz {rElec rF+ rCorr
                  | Str-2}
 45313 | Crypt:3  | Got Kikubaaqudgha's Secrets of Sinister Words
 45737 | Depths:1 | Entered Level 1 of the Depths
 45747 | Depths:1 | Found a gateway to Hell.
 45913 | Depths:1 | Found a sparkling altar of Nemelex Xobeh.
 46114 | Depths:1 | Found an ornate altar of the Wu Jian Council.
 46224 | Depths:1 | Identified the +1 robe of Purpose {Int+3}
 46226 | Depths:1 | Found a one-way gate to the infinite horrors of the Abyss.
 46255 | Depths:1 | Reached skill level 27 in Unarmed Combat
 46661 | Depths:1 | Reached XP level 23. HP: 179/244 MP: 22/28
 46749 | Depths:1 | Identified the +10 spear "Vuloraf" {drain, MP+9 SInv
                  | Stlth-}
 47053 | Depths:1 | Found a snail-covered altar of Cheibriados.
 47193 | Depths:1 | Identified the staff of the Beginning {Str-3 Int+2 Dex+4
                  | Conj Alchemy}
 47374 | Depths:2 | Found a one-way gateway to a ziggurat.
 47467 | Depths:2 | Found Olivisoe's Magic Scroll Shop.
 47907 | Depths:2 | Found Yrrunod's Jewellery Boutique.
 47915 | Depths:2 | Found Tozuah's Book Emporium.
 47917 | Depths:2 | Found Woojudob's Jewellery Boutique.
 47929 | Depths:2 | Bought the amulet "Hyinenir" {Reflect ^Drain rElec Int+3
                  | SH+5} for 715 gold pieces
 48316 | Depths:2 | Noticed a juggernaut
 48325 | Depths:2 | Killed a juggernaut
 48362 | Depths:2 | Identified the +2 falchion of the Enemy {flame, Dex+2}
 48383 | Depths:2 | Identified the ring of the Heavens {rCorr Str+3 Int+3
                  | Dex+3}
 48923 | Depths:2 | Noticed Nikola
 48932 | Depths:2 | Killed Nikola
 48944 | Depths:2 | Found a one-way gate leading to the halls of Pandemonium.
 49592 | Depths:3 | Found Noofut's Magic Scroll Shop.
 49739 | Depths:3 | Reached skill level 10 in Translocations
 49872 | Depths:3 | Reached XP level 24. HP: 227/258 MP: 28/28
 49900 | Depths:3 | Acquired 853 gold pieces
 50011 | Depths:3 | Got the Octavo of Gusts
 50106 | Depths:3 | Identified the +3 leather armour of Mysticism {Dex+2}
 50271 | Depths:4 | Entered Level 4 of the Depths
 51500 | Depths:4 | Found a gate to the Realm of Zot.
 51995 | Slime:1  | Entered Level 1 of the Pits of Slime
 52010 | Slime:1  | Gained mutation: You are clumsy. (Dex -2) [a shining eye]
 52745 | Slime:2  | Gained mutation: Armour fits poorly on your strangely
                  | shaped body. [a shining eye]
 52783 | Slime:3  | Gained mutation: You are frail. (-10% HP) [a shining eye]
 52784 | Slime:3  | Gained mutation: You are weak. (Str -2) [a shining eye]
 52786 | Slime:3  | Gained mutation: Your body sometimes deteriorates upon
                  | taking damage. [a shining eye]
 52992 | Slime:2  | Gained mutation: You occasionally shout uncontrollably at
                  | your foes. [a shining eye]
 54313 | Slime:5  | Entered Level 5 of the Pits of Slime
 54324 | Slime:5  | Gained mutation: You occasionally lose the ability to drink
                  | potions when taking damage. [a shining eye]
 54334 | Slime:4  | Lost mutation: You occasionally shout uncontrollably at
                  | your foes. [potion of mutation]
 54334 | Slime:4  | Lost mutation: You occasionally lose the ability to drink
                  | potions when taking damage. [potion of mutation]
 54334 | Slime:4  | Lost mutation: Armour fits poorly on your strangely shaped
                  | body. [potion of mutation]
 54334 | Slime:4  | Gained mutation: You have an increased reservoir of magic.
                  | (+10% MP) [potion of mutation]
 54369 | Slime:5  | Noticed the Royal Jelly
 54388 | Slime:5  | Killed the Royal Jelly
 54727 | Slime:5  | Reached XP level 25. HP: 208/245 MP: 31/31
 54741 | Slime:5  | Got Sif Muna's Compilation of Assembled Transposition
 54742 | Slime:5  | Identified the ring "Ufouckuh" {Will+ Dex+6}
 54749 | Slime:5  | Identified the staff "Godyh Ipteg" {rPois rF+ rCorr Earth}
 54786 | Slime:5  | Identified the +2 plate armour "Cechaof" {Dex+3}
 54798 | Slime:5  | Identified the +9 great sword of the Revolution {flame,
                  | rPois Str+5 Dex-2}
 54816 | Slime:5  | Got a slimy rune of Zot
 54824 | Slime:5  | Learned a level 4 spell: Manifold Assault
 54923 | Slime:5  | Gained mutation: You have hidden genetic defects. [a
                  | shining eye]
 54925 | Slime:5  | Gained mutation: You occasionally lose the ability to read
                  | scrolls when taking damage. [a shining eye]
 54927 | Slime:4  | Lost mutation: Your body sometimes deteriorates upon taking
                  | damage. [potion of mutation]
 54927 | Slime:4  | Lost mutation: You have hidden genetic defects. [potion of
                  | mutation]
 54935 | Slime:4  | Learned a level 6 spell: Dispersal
 54998 | Slime:5  | Identified the +9 hand axe of Karma {heavy, Fly Dex+4}
 55012 | Slime:5  | Identified the +9 quarterstaff of Qyhulej {drain, *Noise
                  | rCorr Str+2}
 55023 | Slime:5  | Identified the +4 rapier "Ulemihil" {flame, Stlth+}
 55082 | Slime:5  | Identified the +6 mace of the Building Salmon {pain, +Blink
                  | rC+ SInv}
 55097 | Slime:5  | Acquired the ring of the Ubiquitous God {rElec rC+ AC+4
                  | Str+3 Int-4}
 55864 | Zot:1    | Entered Level 1 of the Realm of Zot
 56054 | Zot:1    | Identified the +7 flail "Rezean" {spect, rPois SInv}
 56441 | Zot:1    | Reached skill level 10 in Dodging
 57245 | Zot:2    | Noticed an orb of fire
 57249 | Zot:2    | Killed an orb of fire
 59385 | Zot:4    | Reached skill level 5 in Spellcasting
 59663 | Zot:4    | Learned a level 2 spell: Blink
 60870 | Vaults:5 | Noticed Bai Suzhen
 60972 | Vaults:4 | Lost mutation: You are clumsy. (Dex -2) [potion of
                  | mutation]
 60972 | Vaults:4 | Lost mutation: You have an increased reservoir of magic.
                  | (+10% MP) [potion of mutation]
 60972 | Vaults:4 | Lost mutation: You are weak. (Str -2) [potion of mutation]
 60972 | Vaults:4 | Gained mutation: Your flesh is heat resistant. (rF+)
                  | [potion of mutation]
 60972 | Vaults:4 | Gained mutation: Potions are less effective at restoring
                  | your health. [potion of mutation]
 60972 | Vaults:4 | Gained mutation: You are somewhat resistant to further
                  | mutation. [potion of mutation]
 60985 | Vaults:4 | Killed Bai Suzhen
 60986 | Vaults:4 | Reached XP level 26. HP: 69/249 MP: 30/30
 61826 | Vaults:5 | Identified the +6 flail "Ogreslayer" {flame, Str+2}
 62231 | Vaults:5 | Noticed Jory
 62234 | Vaults:5 | Killed Jory
 62454 | Vaults:5 | Identified the +6 chain mail of the Tired Xenops {Dex+3}
 62462 | Vaults:5 | Identified the ring "Nyasiug" {rF+ Str+6}
 62466 | Vaults:5 | Identified the +5 bardiche "Edaehuq" {freeze, rC+ rN+}
 62468 | Vaults:5 | Identified the +1 leather armour "Naes" {rPois rN++ Will+
                  | Str-4}
 62475 | Vaults:5 | Identified the staff of Moral Flaws {+Blink rElec rF+ Str+2
                  | Fire}
 62660 | Vaults:5 | Got a silver rune of Zot
 62750 | Vaults:5 | Identified the +8 chain mail of Sawkadd {Harm rElec rCorr}
 62752 | Vaults:5 | Identified the +0 mace "Syx Seebe" {flame, *Slow rF+ rC++
                  | Will+}
 63658 | Zot:5    | Entered Level 5 of the Realm of Zot
 64613 | Hell     | Entered the Vestibule of Hell
 64613 | Hell     | Noticed Geryon
 64865 | Depths:3 | Voluntarily entered the Abyss.
 64882 | Abyss:1  | Found a corrupted altar of Lugonu.
 64887 | Abyss:1  | Found a corrupted altar of Lugonu.
 64887 | Abyss:1  | Found a corrupted altar of Lugonu.
 64941 | Abyss:1  | Found a corrupted altar of Lugonu.
 64942 | Abyss:1  | Found a corrupted altar of Lugonu.
 64942 | Abyss:1  | Found a corrupted altar of Lugonu.
 65028 | Abyss:1  | Paralysed by accursed screaming for 1 turns
 65137 | Abyss:2  | Found a corrupted altar of Lugonu.
 65335 | Depths:3 | Escaped the Abyss
 65337 | Depths:3 | Voluntarily entered the Abyss.
 65803 | Abyss:3  | Gained mutation: Your body sometimes deteriorates upon
                  | taking damage. [a neqoxec]
 65958 | Depths:3 | Escaped the Abyss
 65997 | Depths:3 | Voluntarily entered the Abyss.
 66356 | Abyss:3  | Reached XP level 27. HP: 244/265 MP: 29/31
 66425 | Abyss:3  | Found a shimmering altar of Xom.
 66433 | Abyss:3  | Got an abyssal rune of Zot
 66455 | Abyss:3  | Found a corrupted altar of Lugonu.
 66554 | Abyss:3  | Found a corrupted altar of Lugonu.
 66558 | Abyss:3  | Paralysed by an air elemental for 1 turns
 66563 | Abyss:3  | Found a corrupted altar of Lugonu.
 66597 | Abyss:3  | Found a corrupted altar of Lugonu.
 66606 | Depths:3 | Escaped the Abyss
 66970 | Hell     | Killed Geryon
 67037 | Hell     | Found a gateway to the decaying netherworld of Tartarus.
 67234 | Hell     | Found a gateway to the Iron City of Dis.
 67442 | Hell     | Found a gateway to the ashen valley of Gehenna.
 67974 | Hell     | Found a gateway to the freezing wastes of Cocytus.
 68101 | Zig:1    | Entered Level 1 of a ziggurat
 68121 | Zig:2    | Entered Level 2 of a ziggurat
 68142 | Zig:2    | Identified the +8 scimitar of the Ancient Hells {venom,
                  | rPois rF+ rC- Str+2}
 68150 | Zig:3    | Entered Level 3 of a ziggurat
 68192 | Zig:4    | Entered Level 4 of a ziggurat
 68195 | Zig:4    | Noticed Ceguej the pandemonium lord
 68203 | Zig:4    | Killed Ceguej the pandemonium lord
 68213 | Zig:4    | Identified the ring of the Turtle {+Blink rF++ Will- rCorr
                  | Str+3}
 68216 | Zig:4    | Got the Anthology of the Entourage and the Tektite
 68218 | Zig:4    | Identified the ring "Xotreupt" {rPois rF- AC+4 Str+3 SInv}
 68228 | Zig:5    | Entered Level 5 of a ziggurat
 68272 | Zig:6    | Entered Level 6 of a ziggurat
 68278 | Zig:6    | Found the +7 sceptre of Torment {pain, torment}
 68280 | Zig:6    | Found the ring of the Tortoise {AC+8}
 68294 | Zig:6    | Identified the +0 demon whip of Day {distort, rN+}
 68333 | Zig:7    | Entered Level 7 of a ziggurat
 68360 | Zig:7    | Identified the ring of Kieleg {rPois rF+ rCorr MP+9 Slay-6}
 68362 | Zig:7    | Reached skill level 1 in Stealth
 68384 | Zig:8    | Entered Level 8 of a ziggurat
 68660 | Pan      | Entered Pandemonium
 69738 | Pan      | Noticed Fur Kiar the pandemonium lord
 70625 | Pan      | Entered the realm of Mnoleg.
 70914 | Pan      | Reached skill level 1 in Shapeshifting
 71027 | Pan      | Reached skill level 5 in Shapeshifting
 71180 | Pan      | Noticed Mnoleg
 71222 | Pan      | HP: 10/267 [cacodemon/bolt of devastation (60)]
 71225 | Pan      | Killed from afar by a cacodemon

Illustrated notes

Levels and vault maps discovered:
D:1:      dpeg_arrival_rhombi, layout_basic
D:2:      layout_basic, serial_glass, glass_columns_a, glass_columns_a
D:3:      layout_basic, nicolae_qazlal_scattered_showers
D:4:      layout_cave_pools, serial_column_ruins, column_ruins_hut_pillars,
          column_ruins_open_medium, column_ruins_columns_dead_end,
          column_ruins_open_large, column_ruins_corridor_straight,
          column_ruins_open_tiny
D:5:      layout_rooms, serial_shops, kennysheep_mini_moat, enter_ossuary_1
D:6:      layout_basic, minmay_temple_entry_wispy, gammafunk_ghost_hive,
          uniq_crazy_yiuf_cottage
D:7:      layout_loops_corners, serial_shops, nicolae_shop_rolling_square
D:8:      layout_rooms, nicolae_wooded_promenade, nicolae_lava_and_water,
          minmay_manual_monstrance
D:9:      layout_loops_ring, dpeg_lair_monsters, solitary_fountain,
          minivault_10, minivault_24
D:10:     layout_roguey, minmay_overflow_temple_hex,
          minmay_orc_entry_guard_dogs, enter_bailey_3, glass_columns_a
D:11:     layout_rooms, nicolae_trove_entry_crossroad, special_room
          [special_room_kobold], kennysheep_generic_room_8, uniq_maurice,
          uniq_lodul, uniq_fannar
D:12:     layout_small_grid
D:13:     layout_basic, grunt_vaults_entry_tiered, special_room
          [special_room_orc], lemuel_nasty_fountain
D:14:     layout_long_grid, hex_tiny
D:15:     hellmonk_depths_entry_around_the_bend, layout_basic, serial_shops,
          shop_fountains
Temple:   regret_index_temple_waves
Lair:1:   layout_regular_city, serial_bayou_shore_a
Lair:2:   layout_loops_ring, grunt_forest_stairs_basic,
          nicolae_lair_run_with_the_wolves
Lair:3:   layout_loops_ring, minmay_swamp_entry_swarm,
          nicolae_spider_entry_non_spiders, kennysheep_catoblepas_arena
Lair:4:   layout_loops_ring, chequers_serial_rivers_micro_c,
          minmay_lair_drake_nest, infiniplex_staircase_pool_2, uniq_josephine,
          uniq_rupert
Lair:5:   minmay_lair_end_enchanted_forest, layout_loops_ring, slime_entry_1,
          grunt_megastairs_3, uniq_nessos, uniq_sonja, uniq_kirke
Swamp:1:  layout_basic_swamp, evilmike_swamp_ruin_wall
Swamp:2:  layout_falls_marsh, evilmike_swamp_ruin_house_2,
          infiniplex_staircase_pool, nicolae_swamp_decorative_isthmus
Swamp:3:  layout_basic_swamp, evilmike_swamp_ruin_house_1
Swamp:4:  swamp_icy, layout_basic_swamp, swamp_pool_3, nicolae_swamp_no_escape
Spider:1: layout_spider_delve
Spider:2: layout_spider_delve, uniq_donald
Spider:3: layout_chambers, nicolae_spider_solar_radiation,
          hangedman_spider_tarantella_strand
Spider:4: hellmonk_spider_rune_endless_swarm
Slime:1:  layout_caves
Slime:2:  layout_caves
Slime:3:  layout_caves
Slime:4:  layout_caves
Slime:5:  slime_pit
Orc:1:    cheibrodos_orc_arena, layout_caves, uniq_snorg
Orc:2:    st_orc_congregation, layout_caves, gauntlet_entry_generic,
          basic_altar, mines1_david
Elf:1:    eino_elf_arrival_customs, layout_geoelf_grid, serial_shops, shop,
          shop, nicolae_lakefront_shop, shop, nicolae_shop_real_fake_doors,
          nicolae_elf_blasts_and_bolts
Elf:2:    nicolae_elf_blades_crystal_corner, layout_gridlike, basic_altar,
          hellmonk_elf_help
Elf:3:    minmay_elf_hall_curves, layout_onion_city, nicolae_elf_v_pinch
Vaults:1: nicolae_vaults_hallways_thing, v_misc_4, nicolae_vaults_turnstiles,
          nicolae_vaults_cornered_office, grunt_vaults_funnel, v_pattern_2,
          v_misc_15, nicolae_vaults_storage_closets_2, layout_vaults_omnigrid
Vaults:2: vaults_room_boxed, hangedman_vaults_impose, v_rooms_5,
          nicolae_vaults_hexular_roomagon, nicolae_vaults_meiosis,
          vaults_room_ringed_pool, v_alt_pattern_3, vaults_standard_mumra_x,
          nicolae_vaults_door_testing_chamber, ontoclasm_vaults_ring_large,
          vaults_mumra_hexcomb, nicolae_vaults_ring_of_whatevers,
          vaults_dpeg_ring, layout_vaults_maze_bifur, serial_shops, shop, shop,
          shop, nicolae_shop_tiny_real_fake_doors, nicolae_shop_mannequins
Vaults:3: nicolae_vaults_storage_closets_3, v_misc_19,
          minmay_crypt_entry_necro_gods, dpeg_vaults_monster_box,
          nicolae_vaults_trapezoid_lopsided_3, grunt_vaults_twisty,
          nicolae_vaults_more_shelving_1, nicolae_vaults_security_offices_1,
          nicolae_vaults_tangram_2, nicolae_vaults_double_plus_3,
          vaults_mumra_lcd, nicolae_vaults_storage_closets_1,
          ontoclasm_vaults_pinch, nicolae_vaults_yaktaur_gun_rack,
          layout_vaults_big_room, serial_shops, shop, uniq_margery, uniq_mennas,
          uniq_norris
Vaults:4: v_misc_26, nicolae_vaults_sesquioval_fish, hangedman_vaults_nodes,
          nicolae_vaults_tetromino_T_2, nicolae_vaults_cornered_office,
          v_misc_16, hangedman_vaults_unwind, nicolae_vaults_tetromino_T_2,
          hangedman_vaults_stagger, nicolae_vaults_meeting,
          ontoclasm_vaults_fault, vaults_dpeg_encased_lava,
          nicolae_vaults_storage_room_glass, layout_vaults_omnibox,
          serial_shops, shop, uniq_xtahua
Vaults:5: serial_shops, uniq_jory, uniq_bai_suzhen
Crypt:1:  layout_catacombs, uniq_josephina, uniq_vv
Crypt:2:  layout_misc_corridors, uniq_saint_roka, uniq_khufu, uniq_frederick
Crypt:3:  evilmike_haunted_forest, uniq_boris
Tomb:1
Depths:1: pf_snail_temple, layout_basic, abyss_entry, serial_bayou,
          serial_bayou_ford_a, serial_bayou_lagoon_a, serial_bayou_crossing,
          serial_bayou_shore_b, hangedman_coc_ice_floe,
          nemelex_xobeh_ov_fountains_minmay, pdpol_wu_jian_five_deadly_venoms
Depths:2: giant_chief_lemuel, layout_basic, enter_ziggurat_e, serial_shops,
          nicolae_shop_hallway_plus, minmay_misc_feat_five,
          grunt_pan_entry_in_and_out, pf_hell_entry_tar_spiral,
          minmay_shop_grove, uniq_nikola
Depths:3: minmay_tri_box, layout_cave_pools, rand_demon_pan_entry_4, hell_entry,
          minmay_strange_pillars, hangedman_abyss_entry_splay, minmay_shop_star,
          infiniplex_staircase_pillars_1
Depths:4: evilmike_zot_entry_hall, layout_gridlike,
          pf_vacation_house_of_asmodeus, chequers_serial_rivers_micro_c
Hell
Zot:1:    layout_misc_corridors, zot_minivault_1
Zot:2:    layout_onion_interference, regret_index_zotdec_wing_it,
          st_single_dragon_hoard_2
Zot:3:    layout_gridlike, skrybe_zot_glass_2
Zot:4:    layout_gridlike, hangedman_zot_decor_unnerving_road,
          grunt_megastairs_5
Zot:5:    layout_misc_corridors, regret_index_zotdec_stipple_waver
Pan:      grunt_pan_frozen_over, layout_pan_divisions_a
          [pan_division_quadrant_a3, pan_division_quadrant_a6,
          pan_division_quadrant_a2, pan_division_quadrant_a4,
          pan_division_octagon_box], mnoleg_st, layout_small_grid,
          pan_blood_fountain, pan_blood_fountain_2, nicolae_pan_lom_lobonic_4

Skill      XL: |  1  2  3  4  5  6  7  8  9 10 11 12 13 14 15 16 17 18 19 20 21 22 23 24 25 26 27 |
---------------+----------------------------------------------------------------------------------+-----
Shields        | 3 4 5 6 7 9 11 12 14 15 16 17 18 19 21 22 | 22.6
Unarmed Combat | 3 4 5 6 7 9 11 12 14 15 17 18 20 21 23 24 25 26 27 | 27.0
Fighting       | 3 4 5 6 7 8 9 10 11 12 13 14 15 16 17 18 19 20 21 | 21.5
Dodging        | 3 4 5 6 7 8 9 11 13 14 | 14.1
Throwing       | 1 2 3 4 5 7 |  7.7
Evocations     | 1 2 3 5 7 8 |  8.5
Translocations | 3 6 10 11 14 | 14.0
Air Magic      | 2 4 |  4.4
Spellcasting   | 2 4 5 6 7 |  7.0
Stealth        | 2 |  2.0
Shapeshifting  | 5 |  5.9

Action                     |  1- 3 |  4- 6 |  7- 9 | 10-12 | 13-15 | 16-18 | 19-21 | 22-24 | 25-27 || total
---------------------------+-------+-------+-------+-------+-------+-------+-------+-------+-------++-------
  Melee: Unarmed           |   100 |   117 |   350 |   787 |  1579 |  1762 |  1745 |  2207 |  2607 || 11254
  Throw: Boomerang         |       |     4 |    24 |    23 |    13 |    31 |     3 |     3 |     5 ||   106
         Dart              |       |       |     7 |     5 |     9 |       |       |       |       ||    21
         Javelin           |       |       |       |       |       |     2 |     3 |       |     8 ||    13
   Cast: Blink             |       |       |       |       |       |       |       |       |     7 ||     7
         Dispersal         |       |       |       |       |       |       |       |       |     4 ||     4
         Manifold Assault  |       |       |       |       |       |       |       |       |     2 ||     2
 Invoke: Serpent's Lash    |       |       |       |     1 |     2 |    10 |     4 |     3 |     1 ||    21
         Heavenly Storm    |       |       |       |       |     3 |     2 |     2 |       |     2 ||     9
Ability: Lunge             |       |       |    19 |    42 |   103 |   147 |   145 |   146 |   223 ||   825
         Whirlwind         |       |       |    29 |   143 |   474 |   540 |   431 |   667 |   539 ||  2823
         Wall Jump         |       |       |       |       |     1 |       |       |       |       ||     1
  Evoke: Wand              |       |       |       |     3 |     7 |     5 |       |     3 |     1 ||    19
         Lightning rod     |       |       |       |       |       |     5 |       |     4 |     4 ||    13
         Box of beasts     |       |       |       |       |       |       |       |       |     1 ||     1
    Use: Scroll            |       |     5 |     4 |    12 |    15 |     8 |       |     2 |     8 ||    54
         Potion            |       |     1 |       |     1 |     2 |     2 |     1 |     8 |    12 ||    27
   Stab: Sleeping          |     1 |     1 |       |     1 |       |       |       |       |       ||     3
         Invisible         |       |       |       |       |     1 |    24 |     9 |     9 |     9 ||    52
 Armour: Robe              |    49 |    60 |   141 |   101 |       |       |    46 |   323 |   657 ||  1377
         Skin              |       |     8 |       |       |    20 |       |     4 |       |       ||    32
         Acid dragon scale |       |       |       |   159 |   477 |   159 |   224 |   108 |       ||  1127
         Swamp dragon scal |       |       |       |       |       |   390 |    64 |       |       ||   454
  Dodge: Dodged            |    27 |    48 |   100 |   298 |   515 |   774 |   404 |   332 |   596 ||  3094
  Block: Kite shield       |    39 |    45 |   104 |   305 |   695 |   735 |   163 |       |       ||  2086
         Tower shield      |       |       |       |       |       |       |   490 |  1140 |  1745 ||  3375
         Reflection        |       |       |       |       |       |       |       |    20 |    66 ||    86
